 Dungeon Crawl Stone Soup version 0.30.1-6-gbe392663c4 (webtiles) character file.

Game seed: 10111659765731733297

40 boopmooplesden the Covered (level 3, -2/33 HPs)
             Began as an Armataur Fighter on Sept 21, 2023.
             Slain by a gnoll
             ... wielding a +0 club
              (3 damage)
             ... on level 2 of the Dungeon.
             The game lasted 00:01:31 (659 turns).

boopmooplesden the Covered (Armataur Fighter)        Turns: 659, Time: 00:01:31

Health: -2/33      AC:  7    Str: 21    XL:     3   Next: 30%
Magic:  3/3        EV:  7    Int:  8    God:
Gold:   55         SH:  4    Dex: 11    Spells: 2/2 levels left

rFire   . . .        a - +0 long sword
rCold   . . .        c - +0 buckler
rNeg    . . .        b - +0 scale mail
rPois   .            (no helmet)
rElec   .            (no cloak)
rCorr   .            (no gloves)
SInv    .            (no barding)
Will    .....        (no amulet) Stlth
                     (no ring)
HPRegen 0.25/turn    (no ring)
MPRegen 0.08/turn

%: roll
@: no status effects
A: large, rugged brown scales 3, deformed body, armoured tail, roll, long
tongue, awkward tongue
a: no special abilities


You were on level 2 of the Dungeon.
You visited 1 branch of the dungeon, and saw 2 of its levels.

You collected 55 gold pieces.

Inventory:

Hand Weapons
 a - a +0 long sword (weapon)
Armour
 b - a +0 scale mail (worn)
 c - a +0 buckler (worn)
Scrolls
 f - a scroll of vulnerability
 j - a scroll of identify {unknown}
Potions
 d - a potion of might
 e - a potion of curing {unknown}
 g - a potion of berserk rage {unknown}
 h - a potion of flight {unknown}
 i - a potion of lignification {unknown}
 k - a potion of mutation {unknown}


   Skills:
 + Level 3.0 Fighting
 + Level 2.3 Long Blades
 + Level 4.0 Armour
 + Level 0.1 Dodging
 + Level 3.8 Shields


You had 2 spell levels left.
You didn't know any spells.
Your spell library contained the following spells:

 Spells                   Type           Power      Damage    Failure   Level
 Cigotuvi's Dreadful Rot  Necr/Pois/Air  0%         N/A       91%         2
 Ignite Poison            Fire/Tmut/Pois 0%         N/A       99%         3
 Freezing Cloud           Conj/Ice/Air   0%         6-21      100%        5


Dungeon Overview and Level Annotations

Branches:
Dungeon (2/15)

Altars:

Shops:
D:2 *


Innate Abilities, Weirdness & Mutations

You are completely covered in rugged brown scales. (AC +3, +7% HP)
Armour fits poorly on your strangely shaped body.
You have a long armoured tail.
You roll when moving toward enemies. (Rampage)
Your long tongue fully drains potion bottles. (2x potion effects)
Your tongue gives you trouble enunciating. (1.5x scroll delay)


Message History

You slash the quokka!
You kill the quokka!
You pick up a Trismegistus Codex and begin reading...
You add the spells Cigotuvi's Dreadful Rot, Ignite Poison and Freezing Cloud to your library.
There is an entrance to Vicymm's General Store here.
You can access your shopping list by pressing '$'.
Why would you want to do that? Why would you want to do that?
A gnoll comes into view. It is wielding a +0 club.
The gnoll shouts!
You roll towards the gnoll! 2 gnolls come into view.
A gnoll is wielding a +0 vampiric whip.
The gnoll shouts! x2; You hear a shout!
A gnoll comes into view. It is wielding a +0 spear.
You roll towards the gnoll!
The gnoll hits you but does no damage.
You barely miss the gnoll. You block the gnoll's attack.
You hit the gnoll.
The gnoll is heavily wounded.
The gnoll hits you with a +0 club.
You roll towards the gnoll!
You completely miss the gnoll. The gnoll completely misses you.
You block the gnoll's attack. The gnoll hits you with a +0 spear.
The gnoll misses you. You block the gnoll's attack. x2
The gnoll completely misses you.
The gnoll throws a throwing net.
The throwing net hits you.
You become entangled in the net!
You see here a throwing net.
You struggle against the net.
The gnoll hits you from afar with a +0 halberd!
You struggle against the net.
The gnoll hits you from afar with a +0 halberd!
The gnoll hits you from afar with a +0 spear.
* * * LOW HITPOINT WARNING * * *
You struggle against the net.
The gnoll barely misses you. The gnoll hits you with a +0 club.
* * * LOW HITPOINT WARNING * * *
The gnoll hits you from afar with a +0 spear.
* * * LOW HITPOINT WARNING * * *
You rip the net and break free!
The gnoll hits you with a +0 club.
You die...

.......................#
.....................#.#
..................?.# #
#.:......#..#####...#
###.#...........# #...#
.............##..##...#
...##....†...# #......#
......#......#####g..#
................@.g[.#
...#...).....##.g.g........
#.................##.....
.....##.....≈≈≈.....# ....
..... #####..∩≈.....# ..#
...# ##≈≈≈.....# .# ..#
####.....# . .# #.....# .
.....#


You could see 4 gnolls.

Vanquished Creatures
  An adder (D:2)
  A ball python (D:2)
  4 bats
  3 endoplasms
  5 hobgoblins
  2 quokkas (D:2)
  3 frilled lizards
  4 goblins
  4 kobolds
  2 rats
29 creatures vanquished.

Notes
Turn   | Place    | Note
-------+----------+-------------------------------------------
     0 | D:1      | boopmooplesden the Armataur Fighter began the quest for the
                  | Orb.
     0 | D:1      | Reached XP level 1. HP: 19/19 MP: 1/1
   190 | D:1      | Reached XP level 2. HP: 26/26 MP: 2/2
   567 | D:2      | Reached skill level 4 in Armour
   567 | D:2      | Reached XP level 3. HP: 27/32 MP: 3/3
   611 | D:2      | Found Vicymm's General Store.
   658 | D:2      | HP: 1/33 [gnoll/+0 spear (2)]
   659 | D:2      | Slain by a gnoll

Illustrated notes

Levels and vault maps discovered:
D:1:      dpeg_arrival_rooms_b, layout_basic, kennysheep_doodads
D:2:      layout_rooms, serial_shops, nicolae_shop_tiny_waterfront

Skill      XL: |  1  2  3 |
---------------+----------+-----
Long Blades    | 2 |  2.3
Armour         | 4 |  4.0
Fighting       | 3 |  3.0
Dodging        | |  0.1
Shields        | |  3.8

Action                     || total
---------------------------++-------
  Melee: Long sword        ||    79
         Tailslap          ||    12
    Use: Scroll            ||     2
 Armour: Scale mail        ||    70
  Dodge: Dodged            ||    37
  Block: Buckler           ||    27
